 Dungeon Crawl Stone Soup version 0.27-a0-1301-g128193abf8 (webtiles) character file.

Game seed: 14674410900039651918

173 pokeman the Magician (level 5, -4/29 HPs)
             Began as a Deep Elf Hedge Wizard on June 17, 2021.
             Slain by Grinder (7 damage)
             ... while paralysed by Grinder
             ... on level 3 of the Dungeon.
             The game lasted 00:07:24 (3594 turns).

pokeman the Magician (Deep Elf Hedge Wizard)        Turns: 3594, Time: 00:07:25

Health: -4/29      AC:  2    Str:  7    XL:     5   Next: 28%
Magic:  6/15       EV:  2    Int: 20    God:
Gold:   151        SH:  0    Dex: 14    Spells: 5/16 levels left

rFire    + . .     SeeInvis .   k - +2 short sword (venom)
rCold    x . .     Faith    .   (no shield)
rNeg     . . .     Spirit   .   b - +0 robe
rPois    .         Reflect  .   c - +0 hat
rElec    .         Harm     .   (no cloak)
rCorr    .         Rampage  .   (no gloves)
Will     .....                  (no boots)
Stlth    ++........             (no amulet)
HPRegen  0.09/turn              h - ring of fire
MPRegen  0.14/turn              (no ring)

@: paralysed
A: no striking features
a: no special abilities


You were on level 3 of the Dungeon.
You visited 1 branch of the dungeon, and saw 3 of its levels.
You also visited: Sewer.

You collected 151 gold pieces.

Inventory:

Hand Weapons
 k - a +2 short sword of venom (weapon)
Missiles
 a - 32 arrows
 i - 38 bolts
Armour
 b - a +0 robe (worn)
 c - a +0 hat (worn)
Jewellery
 h - a ring of fire (left hand)
Scrolls
 d - 2 scrolls of vulnerability {unknown}
 e - 2 scrolls of enchant armour {unknown}
 f - a scroll of identify {unknown}
Potions
 g - 2 potions of heal wounds {unknown}
 j - a potion of berserk rage {unknown}
 l - 2 potions of flight {unknown}
 m - a potion of curing {unknown}


   Skills:
 - Level 1.0 Fighting
 - Level 1.0 Armour
 - Level 3.1 Dodging
 + Level 2.5 Stealth
 * Level 6.2 Spellcasting
 + Level 2.6 Conjurations
 - Level 1.1 Summonings
 - Level 1.1 Translocations
 - Level 1.3 Fire Magic
 + Level 0.1 Air Magic


You had 5 spell levels left.
You knew the following spells:

 Your Spells              Type           Power      Damage    Failure   Level
a - Magic Dart            Conj           64%        1d6       3%          1
b - Mephitic Cloud        Conj/Pois/Air  9%         N/A       22%         3
c - Call Imp              Summ           10%        N/A       10%         2
d - Blink                 Tloc           N/A        N/A       10%         2
e - Conjure Flame         Conj/Fire      21%        6-21      14%         3

Your spell library contained the following spells:

 Spells                   Type           Power      Damage    Failure   Level
 Slow                     Hex            6%         N/A       16%         2


Dungeon Overview and Level Annotations

Branches:
Dungeon (3/15)              Sewer (visited)

Altars:
Gozag

Annotations:
D:3 Grinder


Message History

Grinder is lightly wounded.
Casting: Magic Dart (safe; 3% risk of failure)
Confirm with . or Enter, or press ? or * to list all spells.
Aiming: Magic Dart (safe; 3% risk of failure)
Press: ? - help, Shift-Dir - straight line, f/p - Grinder
Aim: Grinder (lightly wounded, 100% to hit)
The magic dart hits Grinder.
Grinder is moderately wounded.
Grinder gestures at you. Pain shoots through your body!
Casting: Magic Dart (safe; 3% risk of failure)
Confirm with . or Enter, or press ? or * to list all spells.
Aiming: Magic Dart (safe; 3% risk of failure)
Press: ? - help, Shift-Dir - straight line, f/p - Grinder
Aim: Grinder (moderately wounded, 100% to hit)
The magic dart hits Grinder but does no damage.
Grinder is moderately wounded.
Casting: Magic Dart (safe; 3% risk of failure)
Confirm with . or Enter, or press ? or * to list all spells.
Aiming: Magic Dart (safe; 3% risk of failure)
Press: ? - help, Shift-Dir - straight line, f/p - Grinder
Aim: Grinder (moderately wounded, 100% to hit)
The magic dart hits Grinder.
Grinder is moderately wounded.
Grinder says, "I used to sell toenails on the black market."
You feel more attuned to fire.
h - a ring of fire (left hand)
Casting: Magic Dart (safe; 3% risk of failure)
Confirm with . or Enter, or press ? or * to list all spells.
The spell is quite dangerous to cast (14% risk of failure)!
Continue anyway?
You feel a surge of power!
The fire begins to smoulder!
Grinder gestures at you.
You suddenly lose the ability to move!
Grinder says, "DUCK!"
You smother the flame.
Grinder hits you!
You writhe in agony.
Grinder hits you.
* * * LOW HITPOINT WARNING * * *
Grinder hits you!
You die...

.#.#### #.##.##
...########.#...####
............)......+
.......####.#...####
.#.###.# #...#.##
##.# #.# #...#####
#.# #.# #<......#
##.###.# ##.####.#
.......# #.# #@#
##.##### #.# #5# #.#
... ... #.# ###
.###. #.# .. .#
##.#.###5 #. .
(......... .. ..
###..###.. ## .# #.#


You could see Grinder.

Vanquished Creatures
  A kobold brigand (Sewer)
  A river rat (Sewer)
  3 adders (D:2)
  3 worms (D:3)
  A dart slug (D:1)
  3 endoplasms
  2 giant cockroaches (D:2)
  9 goblins
  4 hobgoblins
  8 kobolds
  2 quokkas
  2 bats
  5 frilled lizards (D:2)
  7 rats
51 creatures vanquished.

Vanquished Creatures (collateral kills)
  8 orcs (D:3)
  A hobgoblin (D:3)
9 creatures vanquished.

Vanquished Creatures (others)
  A plant (D:3)
1 creature vanquished.

Grand Total: 61 creatures vanquished

Notes
Turn   | Place    | Note
-------+----------+-------------------------------------------
     0 | D:1      | pokeman the Deep Elf Hedge Wizard began the quest for the
                  | Orb.
     0 | D:1      | Reached XP level 1. HP: 10/10 MP: 7/7
   472 | D:1      | Reached XP level 2. HP: 11/16 MP: 0/9
  1179 | D:1      | Found a faded altar of an unknown god.
  1564 | D:2      | Reached skill level 5 in Spellcasting
  1764 | D:2      | Reached XP level 3. HP: 20/20 MP: 7/11
  1768 | D:2      | Learned a level 3 spell: Mephitic Cloud
  1771 | D:2      | Learned a level 2 spell: Call Imp
  1774 | D:2      | Learned a level 2 spell: Blink
  1778 | D:2      | Learned a level 3 spell: Conjure Flame
  2236 | D:2      | Reached skill level 1 in Fighting
  2375 | D:2      | Reached skill level 1 in Armour
  2586 | D:3      | Noticed Grinder
  2604 | D:3      | Found an opulent altar of Gozag.
  2640 | D:3      | Reached XP level 4. HP: 25/25 MP: 10/13
  2640 | D:3      | Found a glowing drain.
  2690 | Sewer    | Entered a sewer
  3013 | Sewer    | Noticed a kobold brigand
  3032 | Sewer    | Killed a kobold brigand
  3033 | Sewer    | Reached skill level 6 in Spellcasting
  3033 | Sewer    | Reached skill level 1 in Fire Magic
  3033 | Sewer    | Reached XP level 5. HP: 19/29 MP: 2/15
  3153 | Sewer    | Found a glowing silver altar of Zin.
  3589 | D:3      | Paralysed by Grinder for 7 turns
  3594 | D:3      | Slain by Grinder

Illustrated notes

Levels and vault maps discovered:
D:1:      noname_arrival_rooms_in_the_neighbourhood, layout_loops_corners,
          chequers_ecumenical_altar_simple_redux
D:2:      layout_basic
D:3:      layout_loops_corners, overflow_temple_1_default, serial_shops,
          nicolae_lakefront_shop, cheibrodos_sewer_entry_bend,
          serial_bayou_pond_c, minmay_misc_feat_nine_boxes, uniq_grinder,
          uniq_robin

Skill      XL: |  1  2  3  4 |
---------------+-------------+-----
Spellcasting   | 5 6 |  6.2
Fighting       | 1 |  1.0
Armour         | 1 |  1.0
Conjurations   | 2 |  2.6
Dodging        | 3 |  3.1
Fire Magic     | 1 |  1.3
Stealth        | |  2.5
Summonings     | |  1.1
Translocations | |  1.1
Air Magic      | |  0.1

Action                   |  1- 3 |  4- 6 || total
-------------------------+-------+-------++-------
Melee: Dagger            |     7 |       ||     7
       Short sword       |       |    25 ||    25
 Cast: Magic Dart        |   102 |    24 ||   126
       Call Imp          |     1 |     1 ||     2
       Mephitic Cloud    |       |     7 ||     7
       Conjure Flame     |       |     1 ||     1
 Stab: Confused          |       |     2 ||     2
Armor: Robe              |     1 |     6 ||     7
Dodge: Dodged            |    15 |    22 ||    37

Table legend: (Time is in decaauts)
 A = Elapsed time spent in this place.
 B = Non-inter-level travel time spent in this place.
 C = Inter-level travel time spent in this place.
 D = Time resting spent in this place.
 E = Time spent auto-exploring this place.
 F = Levels seen in this place.
 G = Mean time per level.
                   A        B        C        D        E       F      G
               +--------+--------+--------+--------+--------+-----+--------+
         Total |   3631 |   3536 |     95 |    345 |   2715 |   4 |  907.8 |
       Dungeon |   3098 |   3003 |     95 |      0 |   2576 |   3 | 1032.7 |
         Sewer |    532 |    532 |      0 |    345 |    139 |   1 |  532.0 |
               +--------+--------+--------+--------+--------+-----+--------+

Top non-repeatable levels by time:
     D:1: 1425 daAuts
     D:2: 1112 daAuts
     D:3: 560 daAuts
   Sewer: 532 daAuts
